TOP OF THE 1ST |
Seattle Rainiers batting - Pitching for Surrey Sinners : RHP Diego González
|
Pitching: RHP Diego González
|
|
Batting: RHB Aaron Holt
|
0-0: Foul Ball, location: 2F 0-1: Ground out 5-3 (Groundball, 5)
|
Batting: RHB Pedro Rodríguez
|
0-0: Ball 1-0: Ball 2-0: Called Strike 2-1: Ground out 1-3 (Groundball, 15)
|
Batting: LHB Brian Boone
|
0-0: Called Strike 0-1: Ball 1-1: Hit by Pitch
|
Batting: SHB Glenn Vadnais
|
0-0: Ball 1-0: Fielders Choice at 2nd, U6 (Groundball, 6M)
|
Top of the 1st over - 0 run(s), 0 hit(s), 0 error(s), 1 left on base; Seattle 0 - Surrey 0 |
BOTTOM OF THE 1ST |
Surrey Sinners batting - Pitching for Seattle Rainiers : RHP Beau Murphy
|
Pitching: RHP Beau Murphy
|
|
Batting: RHB Carlos Rodríguez
|
0-0: Fly out, F8 (Flyball, 8LM)
|
Batting: RHB Steve Bender
|
0-0: Ball 1-0: Ball 2-0: Called Strike 2-1: Foul Ball, location: 2F 2-2: Fly out, F7 (Popup, 7S)
|
Batting: RHB Tony Cruz
|
0-0: Foul Ball, location: 2F 0-1: Called Strike 0-2: Foul Ball, location: 2F 0-2: Strikes out swinging
|
Bottom of the 1st over - 0 run(s), 0 hit(s), 0 error(s), 0 left on base; Seattle 0 - Surrey 0 |
TOP OF THE 2ND |
Seattle Rainiers batting - Pitching for Surrey Sinners : RHP Diego González
|
Batting: RHB Alejandro Ramos
|
0-0: Ball 1-0: DOUBLE (Flyball, 78M)
|
Batting: RHB Vincent Fields
|
0-0: Called Strike 0-1: Ball 1-1: Called Strike 1-2: Ball 2-2: Strikes out swinging
|
Batting: LHB Juan Viera
|
0-0: Ball 1-0: Ground out U3 (Groundball, 3L) Alejandro Ramos to third
|
Batting: SHB Francisco Lópes
|
0-0: Called Strike 0-1: Fly out, F7 (Popup, 56D)
|
Top of the 2nd over - 0 run(s), 1 hit(s), 0 error(s), 1 left on base; Seattle 0 - Surrey 0 |
BOTTOM OF THE 2ND |
Surrey Sinners batting - Pitching for Seattle Rainiers : RHP Beau Murphy
|
Batting: RHB Júlio Figueroa
|
0-0: Ball 1-0: Foul Ball, location: 2F 1-1: Swinging Strike 1-2: Ball 2-2: Strikes out looking
|
Batting: SHB Lawrence Steward
|
0-0: Ball 1-0: Ground out U3 (Groundball, 3)
|
Batting: LHB Edmund Ross
|
0-0: Called Strike 0-1: Ball 1-1: Ball 2-1: DOUBLE (Flyball, 89M)
|
Batting: RHB Omar Tobías
|
0-0: Ball 1-0: Ball 2-0: SINGLE (Groundball, 56) Edmund Ross to third Throwing error, E7 Edmund Ross scores Omar Tobías to second
|
Batting: LHB Larry Howard
|
0-0: Ball 1-0: Swinging Strike 1-1: Foul Ball, location: 2F 1-2: Strikes out looking
|
Bottom of the 2nd over - 1 run(s), 2 hit(s), 1 error(s), 1 left on base; Seattle 0 - Surrey 1 |
TOP OF THE 3RD |
Seattle Rainiers batting - Pitching for Surrey Sinners : RHP Diego González
|
Batting: RHB Bill Dawson
|
0-0: Called Strike 0-1: Ball 1-1: Ball 2-1: Foul Ball, location: 2F 2-2: Ball 3-2: SINGLE (Line Drive, 89S)
|
Batting: RHB Aaron Holt
|
0-0: Called Strike Bill Dawson steals 2nd base 0-1: Fly out, F8 (Flyball, 8RD) Runner from 2nd tags up, SAFE at 3rd, no throw
|
Batting: RHB Pedro Rodríguez
|
0-0: Ball 1-0: Ball 2-0: Ball 3-0: Called Strike 3-1: Swinging Strike 3-2: Strikes out swinging
|
Batting: LHB Brian Boone
|
0-0: Ball 1-0: Foul Ball, location: 2F 1-1: Foul Ball, location: 2F 1-2: Fly out, F5 (Popup, 5DF)
|
Top of the 3rd over - 0 run(s), 1 hit(s), 0 error(s), 1 left on base; Seattle 0 - Surrey 1 |
BOTTOM OF THE 3RD |
Surrey Sinners batting - Pitching for Seattle Rainiers : RHP Beau Murphy
|
Batting: RHB Víctor Arredondo
|
0-0: Ball 1-0: Ball 2-0: Foul Ball, location: 2F 2-1: Called Strike 2-2: Ball 3-2: Ground out 6-3 (Groundball, 6M)
|
Batting: RHB Carlos Rodríguez
|
0-0: Called Strike 0-1: Called Strike 0-2: Ball 1-2: Ball 2-2: Strikes out swinging
|
Batting: RHB Steve Bender
|
0-0: DOUBLE (Line Drive, 78M)
|
Batting: RHB Tony Cruz
|
0-0: Ball 1-0: Ground out 6-3 (Groundball, 6)
|
Bottom of the 3rd over - 0 run(s), 1 hit(s), 0 error(s), 1 left on base; Seattle 0 - Surrey 1 |
TOP OF THE 4TH |
Seattle Rainiers batting - Pitching for Surrey Sinners : RHP Diego González
|
Batting: SHB Glenn Vadnais
|
0-0: Foul Ball, location: 2F 0-1: SINGLE (Groundball, 56D)
|
Batting: RHB Alejandro Ramos
|
0-0: Ball 1-0: Fly out, F4 (Popup, 3D)
|
Batting: RHB Vincent Fields
|
0-0: Ground out 4-3 (Groundball, 4M) Glenn Vadnais to second
|
Batting: LHB Juan Viera
|
0-0: Called Strike 0-1: Foul Ball, location: 2F 0-2: Ball 1-2: Hit by Pitch
|
Batting: SHB Francisco Lópes
|
0-0: Ball 1-0: Swinging Strike 1-1: DOUBLE (Line Drive, 7LM) Glenn Vadnais scores Juan Viera to third
|
Batting: RHB Bill Dawson
|
0-0: Ball 1-0: Called Strike 1-1: Ball 2-1: Ground out 6-3 (Groundball, 6)
|
Top of the 4th over - 1 run(s), 2 hit(s), 0 error(s), 2 left on base; Seattle 1 - Surrey 1 |
BOTTOM OF THE 4TH |
Surrey Sinners batting - Pitching for Seattle Rainiers : RHP Beau Murphy
|
Batting: RHB Júlio Figueroa
|
0-0: Ball 1-0: Foul Ball, location: 2F 1-1: Ground out 5-3 (Groundball, 5)
|
Batting: SHB Lawrence Steward
|
0-0: Reached on error, E4 (Groundball, 4)
|
Batting: LHB Edmund Ross
|
0-0: Called Strike 0-1: Ball 1-1: SINGLE (Groundball, 34D) Lawrence Steward to second Runner from 2nd tries for 3rd, SAFE, throw made to third
|
Batting: RHB Omar Tobías
|
0-0: Grounds into double play, 5-4-3 (Groundball, 5)
|
Bottom of the 4th over - 0 run(s), 1 hit(s), 1 error(s), 1 left on base; Seattle 1 - Surrey 1 |
TOP OF THE 5TH |
Seattle Rainiers batting - Pitching for Surrey Sinners : RHP Diego González
|
Batting: RHB Aaron Holt
|
0-0: Ball 1-0: Called Strike 1-1: Called Strike 1-2: Strikes out swinging
|
Batting: RHB Pedro Rodríguez
|
0-0: Called Strike 0-1: Swinging Strike 0-2: Foul Ball, location: 2F 0-2: Ball 1-2: Ball 2-2: Ball 3-2: Fly out, F8 (Flyball, 8RD)
|
Batting: LHB Brian Boone
|
0-0: SINGLE (Line Drive, 89S)
|
Batting: SHB Glenn Vadnais
|
0-0: Ball Brian Boone is caught stealing 2nd base
|
Top of the 5th over - 0 run(s), 1 hit(s), 0 error(s), 0 left on base; Seattle 1 - Surrey 1 |
BOTTOM OF THE 5TH |
Surrey Sinners batting - Pitching for Seattle Rainiers : RHP Beau Murphy
|
Batting: LHB Larry Howard
|
0-0: Ball 1-0: Ball 2-0: Called Strike 2-1: Swinging Strike 2-2: Ball 3-2: Foul Ball, location: 2F 3-2: Base on Balls
|
Batting: RHB Víctor Arredondo
|
0-0: Fly out, F8 (Flyball, 8RM)
|
Batting: RHB Carlos Rodríguez
|
0-0: Called Strike Larry Howard steals 2nd base 0-1: Foul Ball, location: 2F 0-2: Ball Wild Pitch! Larry Howard to third 1-2: Ground out 5-3 (Groundball, 56) Larry Howard scores
|
Batting: RHB Steve Bender
|
0-0: Ball 1-0: Ball 2-0: Ball 3-0: Base on Balls
|
Batting: RHB Tony Cruz
|
0-0: Ball 1-0: Swinging Strike 1-1: Swinging Strike 1-2: Fly out, F4 (Popup, 4)
|
Bottom of the 5th over - 1 run(s), 0 hit(s), 0 error(s), 1 left on base; Seattle 1 - Surrey 2 |
TOP OF THE 6TH |
Seattle Rainiers batting - Pitching for Surrey Sinners : RHP Diego González
|
Batting: SHB Glenn Vadnais
|
0-0: Called Strike 0-1: Ball 1-1: Ball 2-1: Ball 3-1: Foul Ball, location: 2F 3-2: Base on Balls
|
Batting: RHB Alejandro Ramos
|
0-0: Swinging Strike 0-1: Fly out, F9 (Popup, 9LS)
|
Batting: RHB Vincent Fields
|
0-0: Ball Glenn Vadnais is caught stealing 2nd base 1-0: Called Strike 1-1: Swinging Strike 1-2: Strikes out swinging
|
Top of the 6th over - 0 run(s), 0 hit(s), 0 error(s), 0 left on base; Seattle 1 - Surrey 2 |
BOTTOM OF THE 6TH |
Surrey Sinners batting - Pitching for Seattle Rainiers : RHP Beau Murphy
|
Batting: RHB Júlio Figueroa
|
0-0: Fly out, F7 (Line Drive, 7S)
|
Batting: SHB Lawrence Steward
|
0-0: Foul Ball, location: 2F 0-1: Ball 1-1: Called Strike 1-2: Ball 2-2: SINGLE (Groundball, 34)
|
Batting: LHB Edmund Ross
|
0-0: Called Strike 0-1: SINGLE (Groundball, 3L) Lawrence Steward to second Runner from 2nd tries for 3rd, OUT! Edmund Ross to second
|
Batting: RHB Omar Tobías
|
0-0: Called Strike Edmund Ross steals 3rd base 0-1: Called Strike 0-2: Foul Ball, location: 2F 0-2: Ball 1-2: Strikes out looking
|
Bottom of the 6th over - 0 run(s), 2 hit(s), 0 error(s), 1 left on base; Seattle 1 - Surrey 2 |
TOP OF THE 7TH |
Seattle Rainiers batting - Pitching for Surrey Sinners : RHP Diego González
|
Batting: LHB Juan Viera
|
0-0: Ball 1-0: Swinging Strike 1-1: Fly out, F7 (Flyball, 78M)
|
Batting: SHB Francisco Lópes
|
0-0: Called Strike 0-1: SINGLE (Line Drive, 89M)
|
Pitching: RHP Chris Marshall
|
|
Pinch Hitting: LHB Tom Baker
|
0-0: Called Strike 0-1: Ball 1-1: Ball 2-1: Ball 3-1: Base on Balls Francisco Lópes to second
|
Pinch Hitting: RHB Chris Parker
|
0-0: Called Strike Francisco Lópes steals 3rd base Tom Baker to second 0-1: Swinging Strike 0-2: Ball 1-2: Foul Ball, location: 2F 1-2: Foul Ball, location: 2F 1-2: Strikes out swinging
|
Batting: RHB Pedro Rodríguez
|
0-0: Called Strike 0-1: Foul Ball, location: 2F 0-2: Fly out, F9 (Flyball, 9LM)
|
Top of the 7th over - 0 run(s), 1 hit(s), 0 error(s), 2 left on base; Seattle 1 - Surrey 2 |
BOTTOM OF THE 7TH |
Surrey Sinners batting - Pitching for Seattle Rainiers : RHP Beau Murphy
|
Now at 3B: Tony Rivera
|
|
Now at SS: Chris Parker
|
|
Batting: LHB Larry Howard
|
0-0: Foul Ball, location: 2F 0-1: Foul Ball, location: 2F 0-2: Strikes out looking
|
Pitching: RHP Leo MacIntosh
|
|
Batting: RHB Víctor Arredondo
|
0-0: Ball 1-0: Ball 2-0: Fly out, F9 (Flyball, 9S)
|
Batting: RHB Carlos Rodríguez
|
0-0: Ball 1-0: SINGLE (Line Drive, 6M)
|
Batting: RHB Steve Bender
|
0-0: Ball 1-0: Swinging Strike 1-1: Ball 2-1: Called Strike 2-2: Strikes out looking
|
Bottom of the 7th over - 0 run(s), 1 hit(s), 0 error(s), 1 left on base; Seattle 1 - Surrey 2 |
TOP OF THE 8TH |
Seattle Rainiers batting - Pitching for Surrey Sinners : RHP Chris Marshall
|
Batting: LHB Brian Boone
|
0-0: Called Strike 0-1: Ground out 4-3 (Groundball, 4)
|
Batting: SHB Glenn Vadnais
|
0-0: Ball 1-0: Ball 2-0: Ball 3-0: Called Strike 3-1: Called Strike 3-2: Base on Balls
|
Pinch Runner at 1st Elpidio Martinho:
|
|
Batting: RHB Alejandro Ramos
|
0-0: Called Strike 0-1: Swinging Strike 0-2: Strikes out looking
|
Batting: RHB Vincent Fields
|
0-0: Called Strike 0-1: Called Strike 0-2: Ball 1-2: Strikes out swinging
|
Top of the 8th over - 0 run(s), 0 hit(s), 0 error(s), 1 left on base; Seattle 1 - Surrey 2 |
BOTTOM OF THE 8TH |
Surrey Sinners batting - Pitching for Seattle Rainiers : RHP Leo MacIntosh
|
Now in RF: Norbert Mosley
|
|
Batting: RHB Tony Cruz
|
0-0: Called Strike 0-1: Ball 1-1: Swinging Strike 1-2: Ball 2-2: Strikes out swinging
|
Batting: RHB Júlio Figueroa
|
0-0: Called Strike 0-1: Foul Ball, location: 2F 0-2: Ball 1-2: Ball 2-2: Ball 3-2: Base on Balls
|
Pinch Hitting: RHB Jesús Gonzáles
|
0-0: Ball 1-0: SINGLE (Groundball, 6MD) Júlio Figueroa to second
|
Batting: LHB Edmund Ross
|
0-0: Ball 1-0: Ball 2-0: Ball 3-0: Base on Balls Júlio Figueroa to third Jesús Gonzáles to second
|
Pinch Hitting: RHB Bill Little
|
0-0: Ground out 6-3 (Groundball, 6S) Júlio Figueroa scores Jesús Gonzáles to third Edmund Ross to second
|
Batting: LHB Larry Howard
|
0-0: Intentional Walk
|
Batting: RHB Víctor Arredondo
|
0-0: Ball 1-0: SINGLE (Line Drive, 6MD) Jesús Gonzáles scores Edmund Ross to third Larry Howard to second
|
Pinch Hitting: LHB Benny Richard
|
0-0: Foul Ball, location: 2F 0-1: Foul Ball, location: 2F 0-2: Ball 1-2: Foul Ball, location: 2F 1-2: Ball 2-2: Strikes out swinging
|
Bottom of the 8th over - 2 run(s), 2 hit(s), 0 error(s), 3 left on base; Seattle 1 - Surrey 4 |
TOP OF THE 9TH |
Seattle Rainiers batting - Pitching for Surrey Sinners : RHP Chris Marshall
|
Pitching: LHP Artie Nelson
|
|
Now at 2B: Héctor Berrios
|
|
Now at SS: César Osequedo
|
|
Now in LF: Jesús Gonzáles
|
|
Batting: LHB Juan Viera
|
0-0: Swinging Strike 0-1: Ball 1-1: Ball 2-1: Called Strike 2-2: Strikes out looking
|
Batting: SHB Francisco Lópes
|
0-0: Ball 1-0: Called Strike 1-1: Foul Ball, location: 2F 1-2: Strikes out swinging
|
Batting: LHB Tony Rivera
|
0-0: Called Strike 0-1: Swinging Strike 0-2: Hit by Pitch
|
Batting: RHB Chris Parker
|
0-0: Called Strike 0-1: Ball 1-1: Ball 2-1: Ball 3-1: Base on Balls Tony Rivera to second
|
Batting: RHB Pedro Rodríguez
|
0-0: Ball 1-0: Ball 2-0: Called Strike 2-1: Ground out 4-3 (Groundball, 13)
|
Top of the 9th over - 0 run(s), 0 hit(s), 0 error(s), 2 left on base; Seattle 1 - Surrey 4 |
|